 Dungeon Crawl Stone Soup version 0.32-a0-931-g5a2cda0630 (webtiles) character file.

Game seed: 15264420737932053688

159 Biggs the Cutter (level 5, -3/26 HPs)
             Began as a Vine Stalker Brigand on Apr 13, 2024.
             Splashed by a jelly's acid (4 damage)
             ... on level 4 of the Dungeon.
             The game lasted 00:05:11 (1131 turns).

Biggs the Cutter (Vine Stalker Brigand)             Turns: 1131, Time: 00:05:12

Health: -3/26      AC:  2    Str: 14    XL:     5   Next: 40%
Magic:  0/6        EV: 10    Int: 11    God:
Gold:   188        SH:  0    Dex: 17    Spells: 4/4 levels left

rFire   . . .        a - +2 dagger
rCold   . . .        (no shield)
rNeg    . . .        p - +2 robe {Will+}
rPois   .            (no helmet)
rElec   .            c - +0 cloak
rCorr   .            (no gloves)
SInv    .            f - +0 pair of boots
Will    +....        (no amulet)
Stlth   +++          (no ring)
HPRegen 1.04/turn    (no ring)
MPRegen 0.10/turn

%: guardian spirit
@: corroded
A: fangs 2, regeneration 1, magic shield, antimagic bite, no potion heal 2
a: no special abilities


You were on level 4 of the Dungeon.
You visited 1 branch of the dungeon, and saw 4 of its levels.

You collected 188 gold pieces.

Inventory:

Hand Weapons
 a - a +2 dagger (weapon)
Missiles
 d - 9 poisoned darts (quivered)
 e - 3 curare-tipped darts
Armour
 c - a +0 cloak (worn)
 f - a +0 pair of boots (worn)
 p - a +2 robe of willpower (worn)
Scrolls
 b - a scroll of immolation {unknown}
 g - 2 scrolls of enchant armour {unknown}
 j - 2 scrolls of identify {unknown}
 l - a scroll of enchant weapon {unknown}
 n - 2 scrolls of teleportation {unknown}
 o - a scroll of poison {unknown}
Potions
 h - 2 potions of degeneration {unknown}
 i - a potion of might {unknown}
 k - a potion of enlightenment {unknown}
 m - 2 potions of ambrosia {unknown}
 q - a potion of brilliance {unknown}
 r - a potion of heal wounds {unknown}


   Skills:
 - Level 1.7 Fighting
 + Level 5.0 Short Blades
 - Level 1.7 Throwing
 - Level 0.7 Dodging
 - Level 4.8 Stealth


You had 4 spell levels left.
You didn't know any spells.
Your spell library contained the following spells:

 Spells                   Type           Power      Damage    Failure   Level
 Sandblast                Erth           0%         2d4       34%         1
 Stone Arrow              Conj/Erth      0%         3d7       71%         3
 Brom's Barrelling Bould  Conj/Erth      0%         2d3       98%         4


Dungeon Overview and Level Annotations

Branches:
Dungeon (4/15)
 Temple: D:4-7

Altars:
Qazlal


Innate Abilities, Weirdness & Mutations

You have extremely sharp teeth.
Your natural rate of healing is unusually fast.
When hurt, damage is shared between your health and your magic reserves.
Your bite disrupts and absorbs the magic of your enemies.
Potions cannot restore your health.


Message History

The iguana is moderately wounded.
A jelly comes into view.
The iguana bites you but does no damage.
The jelly quivers.
You hit the iguana.
The iguana is heavily wounded.
You hit the iguana.
The iguana is severely wounded.
The iguana bites you but does no damage.
You hit the iguana but do no damage. You bite the iguana. You drain its power.
You feel invigorated.
The iguana is almost dead.
The iguana bites you.
You closely miss the iguana. You bite the iguana.
You kill the iguana!
Your Short Blades skill increases to level 5!
You hit the adder. Your bite misses the adder.
The adder is moderately wounded.
The adder closely misses you.
You closely miss the adder.
The adder is moderately wounded.
The adder misses you.
You hit the adder.
The adder is heavily wounded.
The adder bites you but does no damage.
You hit the jelly. The acid corrodes you!
Your hands burn!
You bite the jelly, but do no damage.
The jelly is moderately wounded.
The adder misses you. The jelly closely misses you.
The adder closely misses you.
You hit the jelly but do no damage.
Your hands burn!
Your bite misses the jelly.
The jelly is moderately wounded.
The adder bites you but does no damage. The jelly hits you.
The acid corrodes you!
You are splashed with acid!
* * * LOW HITPOINT WARNING * * *
Unknown command.
Okay, then.
You hit the jelly.
Your hands burn!
You die...

........##.#.### #.#
........##^.... #.#
#......###..# ###.#
.....##...#######....
#...#.).............
#...#....#######.#.#
#...'.#.## #.#..
#.JS#.### #.##.
#..@#.# #.##.
#......#.# #.##.
#......#.# #...)
........#.# ####.
.........#.# #.
##+#######.# #. #. #.
##


You could see a jelly and an adder.

Vanquished Creatures
  2 iguanas (D:4)
  7 adders
  3 ribbon worms
  7 ball pythons
  5 endoplasms
  4 giant cockroaches
  4 goblins
  2 jackals (D:2)
  A quokka (D:3)
  4 bats (D:2)
  A frilled lizard (D:1)
  A kobold (D:4)
41 creatures vanquished.

Notes
Turn   | Place    | Note
-------+----------+-------------------------------------------
     0 | D:1      | Biggs the Vine Stalker Brigand began the quest for the Orb.
     0 | D:1      | Reached XP level 1. HP: 11/11 MP: 2/2
    37 | D:1      | Reached skill level 2 in Short Blades
   188 | D:2      | Reached XP level 2. HP: 15/15 MP: 3/3
   341 | D:2      | Reached skill level 3 in Short Blades
   378 | D:2      | Reached XP level 3. HP: 11/18 MP: 4/4
   793 | D:3      | Reached XP level 4. HP: 23/23 MP: 5/5
   841 | D:3      | Reached skill level 4 in Short Blades
   985 | D:3      | Found a stormy altar of Qazlal.
  1028 | D:4      | Reached XP level 5. HP: 15/26 MP: 3/6
  1126 | D:4      | Reached skill level 5 in Short Blades
  1130 | D:4      | HP: 1/26 [acid (7)]
  1131 | D:4      | Splashed by a jelly's acid

Illustrated notes

Levels and vault maps discovered:
D:1:      mainiacjoe_arrival_oval_in_oval, layout_basic, minmay_crystal_room,
          kennysheep_minor_cross, minivault_23
D:2:      layout_rooms, minmay_misc_feat_hallway, kennysheep_generic_room_12
D:3:      layout_basic, mainiacjoe_overflow_paths, minmay_snake_closets,
          uniq_terence
D:4:      kennysheep_big_flooded_room, layout_loops_corners,
          lemuel_crystal_altar, serial_shops, shop, kennysheep_generic_room_16

Skill      XL: |  1  2  3  4  5 |
---------------+----------------+-----
Short Blades   | 2 3 4 5 |  5.0
Fighting       | |  1.7
Throwing       | |  1.7
Dodging        | |  0.7
Stealth        | |  4.8

Action                     |  1- 3 |  4- 6 || total
---------------------------+-------+-------++-------
  Melee: Dagger            |    71 |    43 ||   114
         Bite              |    21 |     8 ||    29
   Stab: Sleeping          |     8 |    10 ||    18
 Armour: Robe              |    53 |    15 ||    68
  Dodge: Dodged            |    59 |    15 ||    74

Table legend: (Time is in decaauts)
 A = Elapsed time spent in this place.
 B = Non-inter-level travel time spent in this place.
 C = Inter-level travel time spent in this place.
 D = Time resting spent in this place.
 E = Time spent auto-exploring this place.
 F = Levels seen in this place.
 G = Mean time per level.
                   A        B        C        D        E       F      G
               +--------+--------+--------+--------+--------+-----+--------+
         Total |   1110 |   1110 |      0 |      0 |      0 |   4 |  277.5 |
       Dungeon |   1110 |   1110 |      0 |      0 |      0 |   4 |  277.5 |
               +--------+--------+--------+--------+--------+-----+--------+

Top non-repeatable levels by time:
     D:3: 507 daAuts
     D:2: 343 daAuts
     D:1: 152 daAuts
     D:4: 106 daAuts
